 Dungeon Crawl Stone Soup version 0.20-a0-893-g832831a (webtiles) character file.

5965 Naow the Spry (level 10, 0/82 HPs)
             Began as a Felid Berserker on Mar 18, 2017.
             Was an Elder of Trog.
             Slain by Fannar
             ... wielding a +0 quarterstaff of freezing
              (5 damage)
             ... on level 1 of the Lair of Beasts.
             The game lasted 00:28:01 (16809 turns).

Naow the Spry (Felid Berserker)                    Turns: 16809, Time: 00:28:02

Health: 0/82       AC:  2    Str: 21    XL:     10   Next: 54%
Magic:  11/11      EV: 30    Int: 10    God:    Trog [****..]
Gold:   634        SH:  0    Dex: 15    Spells: 9/9 levels left
                                        Lives:  0   Deaths: 3

rFire    . . .     SeeInvis +     - Unarmed
rCold    . . .     Gourm    .   (armour unavailable)
rNeg     . . .     Faith    .   (shield unavailable)
rPois    .         Spirit   .   (helmet unavailable)
rElec    .         Reflect  .   (cloak unavailable)
rCorr    .         Harm     .   (gloves unavailable)
MR       +....                  (boots unavailable)
Stlth    ..........             (no amulet)
Regen    0.3/turn               (no ring)
MPRegen  0.2/turn               (no ring)

@: berserking (expiring), drained, very quick
A: no armour, no weapons or thrown items, stealth, claws 1, fangs 3, see
invisible, carnivore 3, speed 1, shaggy fur 2, slow metabolism 1, sharp paws
a: Berserk, Trog's Hand, Brothers in Arms, Burn Spellbooks, Renounce Religion


You were on level 1 of the Lair of Beasts.
You worshipped Trog.
Trog was greatly pleased with you.
You were very full.

You visited 2 branches of the dungeon, and saw 11 of its levels.

You collected 779 gold pieces.
You spent 145 gold pieces at shops.

Inventory:

Jewellery
 c - a +2 ring of intelligence {unknown}
 l - a +1 ring of evasion {unknown}
 G - a +4 ring of evasion {unknown}
Wands
 u - a wand of polymorph (16/24)
 B - a wand of lightning (0/15)
 C - a wand of lightning (8/15)
 F - a wand of iceblast (12/15)
 K - a wand of polymorph (21/24)
Scrolls
 b - 3 scrolls of teleportation {unknown}
 d - 18 scrolls of identify {unknown}
 f - 3 scrolls of remove curse {unknown}
 g - a scroll of blinking {unknown}
 h - 4 scrolls of recharging {unknown}
 j - a scroll of immolation {unknown}
 n - 2 scrolls of enchant armour {unknown}
 o - 3 scrolls of magic mapping {unknown}
 q - 3 scrolls of amnesia {unknown}
 s - 5 scrolls of fog {unknown}
 t - a scroll of random uselessness {unknown}
 z - 2 scrolls of noise {unknown}
 J - a scroll of silence {unknown}
Potions
 e - 3 potions of flight
 i - a potion of brilliance
 k - 2 potions of agility
 m - 2 potions of degeneration
 p - 4 potions of lignification
 r - a potion of magic {unknown}
 v - a potion of invisibility
 w - a potion of might
 x - a potion of ambrosia {unknown}
 D - a potion of haste
 H - a potion of cancellation {unknown}
 I - a potion of curing
 L - a potion of berserk rage {unknown}
Books
 y - a book of Misfortune

   Spells                             Type                      Level
   a - Confusing Touch                Hexes                        1
   b - Confuse                        Hexes                        3
   c - Gell's Gravitas                Translocation                3
   d - Petrify                        Transmutation/Earth          4
   e - Metabolic Englaciation         Hexes/Ice                    5
   f - Yara's Violent Unravelling     Hexes/Transmutation          5
   Trog disapproves of the use of such an item.
 A - a book of Minor Magic

   Spells                             Type                      Level
   a - Magic Dart                     Conjuration                  1
   b - Blink                          Translocation                2
   c - Call Imp                       Summoning                    2
   d - Slow                           Hexes                        2
   e - Conjure Flame                  Conjuration/Fire             3
   f - Mephitic Cloud                 Conjuration/Poison/Air       3
   Trog disapproves of the use of such an item.
Comestibles
 a - 3 meat rations
 E - 9 royal jellies


   Skills:
 + Level 13.4(12.2) Fighting
 + Level 16.8(15.5) Dodging
 - Level 3.0(2.1) Unarmed Combat


You had 9 spell levels left.
You didn't know any spells.

Dungeon Overview and Level Annotations

Branches:
Dungeon (10/15)            Temple (0/1) D:4            Lair (1/6) D:10
    Orc: D:9-12

Altars:
Ashenzari
Gozag
Kikubaaqudgha
Makhleb
Okawaru
Qazlal
Ru
Sif Muna
Wu Jian
Yredelemnul
The Shining One

Shops:
D:4 [   D:9 *

Annotations:
Lair:1 Fannar


Innate Abilities, Weirdness & Mutations

You cannot wear armour.
You are incapable of wielding weapons or throwing items.
Your paws allow you to move quietly. (Stealth)
You have sharp claws.
You have razor-sharp teeth.
You have supernaturally acute eyesight. (SInv)
You are carnivorous and can eat meat at any time.
You cover ground quickly.
You are covered in thick fur. (AC +2)
You have a slow metabolism.
Your sharp claws are effective at attacking unaware monsters.


Message History

Fannar completely misses you.
You scratch Fannar.
Fannar is moderately wounded.
Fannar completely misses you.
You scratch Fannar.
Fannar is moderately wounded.
You barely miss Fannar.
Fannar is moderately wounded.
Fannar hits you with a quarterstaff of freezing!
* * * LOW HITPOINT WARNING * * *
Fannar freezes you.
* * * LOW HITPOINT WARNING * * *
You barely miss Fannar.
Fannar is moderately wounded.
You scratch Fannar.
Fannar is moderately wounded.
Fannar hits you with a quarterstaff of freezing!
* * * LOW HITPOINT WARNING * * *
Fannar freezes you.
You die...

#...)...<....##..##.#...
###..###.............###
#.. ##.....#P......###
## ##......###....P#P#
#...##### ###......
##....##.#####......
.#.##....#..............
#.....e....#......P.....
.#.#@(..##...[.......
##...(.........|#.
#...######.........
##### #.(.#####.. ###
#...# #.. ##.## #...P
#.. #...# #...## #..
##..#####.### ###
##...#..#########


You could see Fannar.

Vanquished Creatures
  3 two-headed ogres
  Sonja (Lair:1)
  A gargoyle (D:10)
  4 spiny frogs (Lair:1)
  A queen bee (D:9)
  Prince Ribbit (D:5)
  3 hippogriffs
  4 yaks (D:10)
  4 hungry ghosts
  A steam dragon (D:8)
  A water moccasin (Lair:1)
  2 porcupines (D:10)
  2 hell hounds (Lair:1)
  4 black bears
  An ice beast (D:8)
  5 orc warriors
  5 ogres
  3 phantoms
  4 sky beasts
  2 crocodiles
  11 centaurs
  Blork the orc (D:5)
  6 bullfrogs
  2 gnoll sergeants (D:8)
  4 scorpions
  31 killer bees
  5 wights (D:4)
  4 howler monkeys
  5 crimson imps
  2 bullfrog zombies
  A quasit (D:10)
  A centaur zombie (D:8)
  2 jellies
  5 hounds
  2 centaur skeletons
  2 orc priests
  3 bullfrog skeletons
  An iguana (D:6)
  6 worker ants
  2 killer bee zombies
  A hound zombie (D:10)
  A hound skeleton (D:5)
  8 gnolls
  2 worker ant zombies
  14 adders
  5 shadow imps
  An adder skeleton (D:6)
  4 worms
  5 dart slugs
  5 leopard geckos
  21 orcs
  2 ball pythons
  10 giant cockroaches
  3 goblins
  3 hobgoblins
  17 jackals
  8 kobolds
  6 quokkas
  15 bats
  6 frilled lizards
  A quokka skeleton (D:9)
  7 rats
293 creatures vanquished.

Vanquished Creatures (others)
  A worm (D:3)
  5 fungi
6 creatures vanquished.

Grand Total: 299 creatures vanquished

Notes
Turn   | Place    | Note
-------+----------+-------------------------------------------
     0 | D:1      | Naow the Felid Berserker began the quest for the Orb.
     0 | D:1      | Reached XP level 1. HP: 10/10 MP: 2/2
   161 | D:1      | Reached XP level 2. HP: 12/14 MP: 3/3
   640 | D:1      | Reached XP level 3. HP: 17/17 MP: 4/4
   758 | D:2      | Reached skill level 5 in Dodging
   879 | D:2      | Reached ** piety under Trog
  1201 | D:2      | Reached XP level 4. HP: 19/22 MP: 5/5
  1258 | D:2      | Found an ornate altar of the Wu Jian Council.
  1736 | D:3      | Found a basalt altar of Yredelemnul.
  1738 | D:3      | Noticed a profane servitor
  1799 | D:3      | Reached skill level 6 in Dodging
  1801 | D:3      | Reached XP level 5. HP: 9/25 MP: 6/6
  2284 | D:3      | Found a glowing golden altar of the Shining One.
  2586 | D:3      | Noticed an angel
  2691 | D:4      | Found a burning altar of Makhleb.
  2733 | D:4      | Found an ancient bone altar of Kikubaaqudgha.
  2826 | D:4      | Noticed an ogre
  2833 | D:4      | Killed an ogre
  2833 | D:4      | Reached skill level 5 in Fighting
  2833 | D:4      | Reached skill level 7 in Dodging
  2833 | D:4      | Gained mutation: You are covered in thick fur. (AC +2) [Felid growth]
  2833 | D:4      | Reached XP level 6. HP: 30/30 MP: 7/7
  3225 | D:4      | Reached skill level 8 in Dodging
  3275 | D:4      | Reached XP level 7. HP: 24/34 MP: 8/8
  3462 | D:4      | Reached *** piety under Trog
  3494 | D:4      | Found Vaaquzof's Armour Boutique.
  3536 | D:4      | Found a staircase to the Ecumenical Temple.
  3654 | D:4      | Found an opulent altar of Gozag.
  3834 | D:5      | Entered Level 5 of the Dungeon
  3834 | D:5      | Noticed Blork the orc
  3834 | D:5      | Noticed a hippogriff
  3846 | D:4      | Killed a hippogriff
  3846 | D:4      | Reached skill level 9 in Dodging
  3914 | D:5      | Killed Blork the orc
  4031 | D:5      | Noticed Prince Ribbit
  4326 | D:5      | Reached XP level 8. HP: 31/40 MP: 9/9
  4738 | D:5      | Found a stormy altar of Qazlal.
  4747 | D:5      | Mangled by Prince Ribbit
  4748 | D:5      | Reached XP level 7. HP: -7/54 MP: 8/8
  4776 | D:5      | Reached skill level 10 in Dodging
  4794 | D:5      | Killed Prince Ribbit
  5504 | D:6      | Found a sacrificial altar of Ru.
  5722 | D:6      | Found an iron altar of Okawaru.
  5770 | D:6      | Reached XP level 8. HP: 40/40 MP: 9/9
  5781 | D:6      | Reached skill level 11 in Dodging
  5930 | D:6      | HP: 2/61 [orc warrior/hand axe (16)]
  7228 | D:7      | Reached skill level 12 in Dodging
  7661 | D:7      | Reached XP level 9. HP: 41/46 MP: 10/10
  7719 | D:7      | Reached **** piety under Trog
  7987 | D:8      | Found an opulent altar of Gozag.
  8053 | D:8      | Noticed a two-headed ogre
  8066 | D:8      | Killed a two-headed ogre
  8066 | D:8      | Reached skill level 10 in Fighting
  8095 | D:8      | Reached skill level 13 in Dodging
  8873 | D:8      | Found a deep blue altar of Sif Muna.
  8971 | D:8      | Noticed a two-headed ogre
  8985 | D:8      | Killed a two-headed ogre
  8985 | D:8      | Reached skill level 14 in Dodging
  8985 | D:8      | Reached XP level 10. HP: 42/52 MP: 11/11
  9844 | D:8      | HP: 1/52 [killer bee (8)]
 10691 | D:9      | Found a shattered altar of Ashenzari.
 10764 | D:9      | Noticed a two-headed ogre
 10788 | D:9      | Killed a two-headed ogre
 10788 | D:9      | Reached skill level 15 in Dodging
 11592 | D:9      | Mangled by a killer bee
 11593 | D:9      | Reached XP level 9. HP: -11/49 MP: 10/10
 12093 | D:9      | Reached XP level 10. HP: 53/53 MP: 11/11
 12157 | D:9      | Found Kuzeeqem's Assorted Antiques.
 12531 | D:9      | Bought a runed pearl ring for 145 gold pieces
 13351 | D:10     | Entered Level 10 of the Dungeon
 14300 | D:10     | Reached ***** piety under Trog
 14619 | D:10     | Reached skill level 16 in Dodging
 14753 | D:10     | Noticed a gargoyle
 14763 | D:10     | Killed a gargoyle
 15068 | D:10     | Noticed a skeletal warrior
 15085 | D:10     | Slain by a skeletal warrior
 15086 | D:10     | Reached XP level 9. HP: -5/75 MP: 10/10
 15189 | D:10     | Found a staircase to the Lair.
 15331 | Lair:1   | Entered Level 1 of the Lair of Beasts
 15337 | Lair:1   | Noticed a spiny frog
 15341 | Lair:1   | Noticed a spiny frog
 15349 | Lair:1   | Killed a spiny frog
 15349 | Lair:1   | Reached XP level 10. HP: 55/55 MP: 11/11
 15357 | Lair:1   | Killed a spiny frog
 15642 | Lair:1   | Noticed a spiny frog
 15655 | Lair:1   | Killed a spiny frog
 16260 | Lair:1   | Noticed Sonja
 16284 | Lair:1   | Killed Sonja
 16422 | Lair:1   | Noticed a spiny frog
 16430 | Lair:1   | Killed a spiny frog
 16790 | Lair:1   | Noticed Fannar
 16809 | Lair:1   | Slain by Fannar

Vault maps used:
D:1:      lemuel_arrival_funnel
D:2:      old_standard_altar
D:3:      grunt_temple_overflow_holy_war
D:4:      kennysheep_little_box, lightli_temple_of_fire,
          nicolae_overflow_crystal_walls, minmay_temple_entry_mist, first_bread,
          serial_shops, nicolae_shop_waterfront
D:5:      old_standard_altar, small_statue_intersection,
          minmay_misc_feat_square, uniq_blork_the_orc, uniq_prince_ribbit1
D:6:      kennysheep_mini_moat, basic_altar
D:8:      hangedman_cross_stitches, nicolae_overflow_hidden_temple,
          nicolae_gozag_cash_rules_everything_around_me
D:9:      serial_shops, shop_statue, david_nohive_1, cheibrodos_ashenzari_chains
D:10:     grunt_lair_entry_orc_guard_hut
Lair:1:   statuecave_lemuel, enter_volcano_3, uniq_fannar, uniq_sonja

Skill      XL: |  1  2  3  4  5  6  7  8  9 10 |
---------------+-------------------------------+-----
Dodging        | 5 6 7 8 10 12 14 16 | 16.8
Fighting       | 4 5 8 9 13 12 | 13.4
Unarmed Combat | |  3.0

Action                   |  1- 3 |  4- 6 |  7- 9 | 10-12 || total
-------------------------+-------+-------+-------+-------++-------
Melee: Unarmed           |    91 |   141 |   527 |   612 ||  1371
       Bite              |     9 |    15 |    67 |    86 ||   177
       Punch             |       |     3 |     6 |    11 ||    20
Invok: Berserk           |       |     7 |    20 |    24 ||    51
       Trog's Hand       |       |       |     5 |     3 ||     8
       Brothers in Arms  |       |       |     1 |     2 ||     3
  Use: Potion            |       |       |     7 |     1 ||     8
 Stab: Sleeping          |     4 |     7 |       |     3 ||    14
  Eat: Chunk             |     8 |     9 |    41 |    45 ||   103
       Meat ration       |       |       |     2 |       ||     2
Armor: Skin              |     5 |     7 |    76 |    12 ||   100
Dodge: Dodged            |    78 |   124 |   556 |   819 ||  1577
